[Event "Prague Festival-Futures 2022"]
[Site "Prague"]
[Date "2022.06.09"]
[Round "2.4"]
[White "Zelbova, Lada"]
[Black "Kuru, Atilla"]
[Result "1/2-1/2"]
[ECO "C02"]
[WhiteElo "1967"]
[BlackElo "2023"]
[Annotator "TA"]
[PlyCount "132"]
[EventDate "2022.06.07"]
[EventType "tourn"]
[EventCountry "CZE"]
[SourceTitle "playchess.com"]
[Source "ChessBase"]
[SourceQuality "1"]
[TimeControl "40/5400+30:1800+30"]

1. e4 e6 2. d4 d5 3. e5 c5 4. c3 Qb6 5. a3 Nc6 6. Nf3 c4 7. Nbd2 Na5 8. Be2 Bd7 9. O-O Ne7 10. Rb1 Qc7 11. Qc2 {[%emt 0:04:03] C02: French: Advance Variation.} Nc8 12. Bd1 Nb6 {[%emt 0:00:00] ...Ba4 is the strong threat.} 13. b3 {[%emt 0:01:40] Against Ba4. Black is slightly better.} cxb3 14. Nxb3 Nac4 15. Ra1 Rc8 {[%emt 0:00:00] [#]} 16. Ng5 $146 ({Predecessor:} 16. Nbd2 Na4 17. Qb3 Na5 18. Qc2 Nxc3 19. Kh1 Ba4 {0-1 (19) Vaval,A (1368)-Akshit,J (1604) Kalyan 2019}) 16... Ba4 17. Qe2 g6 18. f4 a6 (18... Qd7 $17) 19. f5 $1 $11 exf5 20. Qf3 (20. Bf4 $11) 20... h6 $17 21. Nh3 Bd7 ({Better is} 21... Bg7 $17) 22. g4 (22. Nf4 $11) 22... Be7 (22... Bg7 $15) 23. Bc2 {[%emt 0:00:52] [#]} ({White should try} 23. a4 $1 $11) 23... Nxe5 $1 24. dxe5 Qxc3 25. e6 $1 Qxf3 $40 {[%emt 0:00:00][%mdl 128] White needs to defend precisely.} ({Much less strong is} 25... Bxe6 26. Qxc3 Rxc3 27. Bb2 Rxh3 28. Bxh8 $14) 26. exd7+ Kxd7 27. Rxf3 {[%emt 0:01:37] The board is on fire.} Rxc2 28. gxf5 gxf5 (28... g5 $11) 29. Bf4 (29. Nf2 $5 ) 29... Rg8+ 30. Rg3 (30. Bg3 $14) 30... Rxg3+ 31. Bxg3 (31. hxg3 $11 {and White has nothing to worry.} Rb2 32. Nc1) 31... Rc3 $19 32. Na5 (32. Nc1 {was called for.}) 32... Rxa3 33. Rxa3 Bxa3 34. Kf1 (34. Nxb7 $17 Nc4 35. Be1) 34... Bb4 (34... Nc4 $19 {has better winning chances.} 35. Nb3 a5) 35. Nb3 (35. Nxb7 $17 a5 36. Be1) 35... Nc4 {[%emt 0:00:00] Strongly threatening ...a5.} 36. Nf4 Nd2+ (36... a5 $19 {And now ...a4 would win.} 37. Nxd5 a4) 37. Nxd2 $15 Bxd2 38. Ke2 $2 (38. Nxd5 $17 {was the only defense.} b5 39. Ke2) 38... Ba5 $2 (38... Bxf4 $19 39. Bxf4 h5) 39. Nxd5 Ke6 40. Nf4+ Ke5 {[%emt 0:00:00] With the idea ...Ke4.} 41. Kd3 Be1 42. Bxe1 Kxf4 $11 {[%emt 0:00:00][%mdl 4096] Endgame KB-KP} 43. Bd2+ Kf3 44. Bxh6 f4 45. h4 Kg4 46. Ke2 (46. Ke4 $1 $11 {and White stays safe.}) 46... f6 $2 ({Black should play} 46... b5 $19 {Threatens to win with ...b4.} 47. h5 f3+ 48. Kf2 Kxh5) 47. h5 Kxh5 48. Bxf4 {[%emt 0:00:04] KB-K3P} Kg4 49. Bc7 b5 50. Bd8 f5 51. Ba5 $1 Kf4 52. Kd3 Ke5 53. Bc3+ Kd5 54. Bb4 (54. Bd2 Kc5 55. Kc3 a5 $19) 54... f4 55. Bd2 $2 {[%emt 0:00:56][%mdl 8192] [#]} (55. Ke2 $11) 55... Ke5 $2 (55... f3 $1 $19 56. Be1 Kc5) 56. Bc3+ {[%emt 0:00:24] The position is equal.} Kf5 57. Be1 Kg4 58. Ke4 f3 59. Ke3 a5 60. Bxa5 {[%emt 0:00:28] KB-KPP} Kg3 {[%emt 0:00:00] ( -> ...f2)} 61. Be1+ Kg2 62. Kd3 Kf1 63. Bh4 f2 64. Kc3 Ke2 65. Bxf2 $1 b4+ 66. Kxb4 Kxf2 {[%emt 1:02:30] Weighted Error Value: White=0.64/Black=0.58} 1/2-1/2

[Event "Prague Festival-Futures 2022"]
[Site "Prague"]
[Date "2022.06.09"]
[Round "2.5"]
[White "Balint, Peter"]
[Black "Bokhnak, Timofey"]
[Result "0-1"]
[ECO "B13"]
[WhiteElo "2097"]
[BlackElo "2060"]
[Annotator "TA"]
[PlyCount "92"]
[EventDate "2022.06.07"]
[EventType "tourn"]
[EventCountry "CZE"]
[SourceTitle "playchess.com"]
[Source "ChessBase"]
[SourceQuality "1"]
[TimeControl "40/5400+30:1800+30"]

1. e4 c6 2. d4 d5 3. exd5 cxd5 4. c4 Nf6 5. Nc3 Nc6 6. Bg5 a6 {[%emt 0:02:52] B13: Caro-Kann: Exchange Variation and Panov-Botvinnik Attack.} 7. a3 (7. Nf3 $11) 7... Be6 (7... dxc4 $15 8. Bxc4 Qxd4 9. Qxd4 Nxd4) 8. Nf3 (8. Be2 $14) 8... g6 $11 {[%emt 0:00:50] [#] The position is equal.} 9. Rc1 $146 ({Predecessor:} 9. Bxf6 exf6 10. cxd5 Bxd5 11. Rc1 Bh6 12. Qe2+ Kf8 13. Nxd5 Qxd5 14. Qc4 Qe4+ 15. Be2 Bxc1 16. Qxc1 Kg7 17. d5 Rhe8 18. Qe3 Qb1+ {0-1 (18) Garcia Blanco,O (2324)-Kosteniuk,A (2474) Chess.com INT 2021}) 9... Bg7 (9... dxc4 10. Bxf6 exf6 11. d5 $16) 10. Be2 ({White has to play} 10. cxd5 $1 $15 Nxd5 11. Bd3) 10... dxc4 $17 11. O-O Nd5 ({Better is} 11... Na5 $17 {aiming for ...Nb3.} 12. Bxf6 Bxf6) 12. Ne4 (12. Bxc4 $11 {keeps the balance.} h6 13. Bxd5 Bxd5 14. Be3 (14. Nxd5 hxg5 15. Ne3 Nxd4 $11)) 12... b5 13. Nc5 Bg4 14. Re1 (14. b3 $17 {keeps fighting.} c3 15. Be3) 14... h6 15. Be3 O-O 16. h3 Bf5 17. a4 (17. b3 $17) 17... Qb6 $19 18. Qd2 Kh7 19. Nh4 $2 {[%emt 0:03:16] This move loses the game for White.} (19. b3 $17 c3 20. Rxc3) 19... Bc8 (19... Rad8 $142 20. a5 Qa7 21. Nxf5 gxf5 22. Bxc4 bxc4 23. Rxc4 Nxe3 24. fxe3 {[#]} Nxd4 $1 ) 20. Ra1 $2 (20. b3) 20... Ra7 21. Bf3 Rd8 22. Bxd5 Rxd5 23. Nf3 e5 24. Ne4 Nxd4 (24... exd4 25. Bxh6 Bxh6 26. Nf6+ Kg7 27. Ne8+ Kh7 28. Nf6+ Kg7 29. Ne8+ Kh7 30. Nf6+ $11) 25. axb5 axb5 (25... Qxb5 26. Nc3 Qb7 27. Nxd5 Qxd5 28. Nxd4 exd4 29. Ra5 $19) 26. Rxa7 Qxa7 27. Nxd4 exd4 28. Bxh6 Qd7 ({Weaker is} 28... Bxh6 29. Nf6+ Kg7 30. Ne8+ Kh7 31. Nf6+ Kg7 32. Ne8+ Kh7 33. Nf6+ $11) 29. Bf4 (29. Ng5+ {was necessary.} Kg8 30. Bxg7 Kxg7 31. Nf3) 29... Bb7 30. Ng5+ Kg8 31. Qe2 Bc6 32. Ne4 d3 33. Qd2 Rd4 34. Ng5 Qf5 35. Be3 Rd8 36. Ra1 Bf6 37. Ra7 Rd7 38. Ra6 Bb7 {[%emt 0:01:16] A strong pair of Bishops.} 39. Ra1 Re7 {[%emt 0:00:18][%cal Oe7e3] [#] Strongly threatening ...Rxe3!} 40. Nf3 Bxf3 41. gxf3 Qxf3 42. Re1 Qxh3 {[%emt 0:00:32] Black mates.} 43. Qa5 Qg4+ 44. Kf1 Re4 45. Qa8+ Kh7 46. Rc1 Qf3 {[%emt 0:00:51] Weighted Error Value: White=0.68/Black=0.22 (precise)} 0-1

[Event "Prague Festival-Futures 2022"]
[Site "Prague"]
[Date "2022.06.10"]
[Round "3.1"]
[White "Kovalskyi, Roman"]
[Black "Balint, Peter"]
[Result "1/2-1/2"]
[ECO "B40"]
[WhiteElo "2039"]
[BlackElo "2097"]
[Annotator "NA COMBH"]
[PlyCount "96"]
[EventDate "2022.06.07"]
[EventType "tourn"]
[EventCountry "CZE"]
[SourceTitle "playchess.com"]
[Source "ChessBase"]
[SourceQuality "1"]
[TimeControl "40/5400+30:1800+30"]

1. e4 c5 2. Nf3 e6 3. g3 Nc6 4. d3 d6 5. Bg2 Nge7 6. b3 g6 7. Bb2 e5 8. O-O Bg7 9. Nbd2 O-O 10. Ne1 f5 11. f4 Be6 12. c4 Qc7 13. Nc2 Rfe8 14. Nf3 h6 15. Ne3 Nd4 16. fxe5 dxe5 17. Nd5 Bxd5 18. cxd5 fxe4 19. dxe4 Qd7 20. Rf2 Nc8 21. Qf1 Nd6 22. Bh3 Qe7 23. Qd3 Rf8 24. Raf1 Kh7 25. Bxd4 cxd4 26. Rc2 a6 27. Be6 Nb5 28. h4 Nc3 29. Rh2 Rf6 30. Re1 Raf8 31. Bg4 Kg8 32. h5 g5 33. Bf5 Qd6 34. Rf2 Rxf5 35. exf5 Qxd5 36. Nd2 Bf6 37. Ne4 Nxe4 38. Qxe4 Qxe4 39. Rxe4 Rc8 40. Rd2 Rc3 41. g4 Kf7 42. Kf1 b5 43. Ke2 b4 44. Kd1 Kf8 45. Rde2 Rc5 46. Rc2 Rc3 47. Rce2 Rc5 48. Rc2 Rc3 1/2-1/2

[Event "Prague Festival-Futures 2022"]
[Site "Prague"]
[Date "2022.06.10"]
[Round "3.2"]
[White "Kuru, Atilla"]
[Black "Peglau, Charis"]
[Result "1-0"]
[ECO "B10"]
[WhiteElo "2023"]
[BlackElo "2008"]
[Annotator "TA"]
[PlyCount "61"]
[EventDate "2022.06.07"]
[EventType "tourn"]
[EventCountry "CZE"]
[SourceTitle "playchess.com"]
[Source "ChessBase"]
[SourceQuality "1"]
[TimeControl "40/5400+30:1800+30"]

1. e4 c6 2. Nf3 d5 3. d3 dxe4 4. dxe4 Qxd1+ 5. Kxd1 Bg4 6. Be2 {[%emt 0:00:07] B10: Caro-Kann: 2 d3 and 2 c4.} Nd7 7. Ne1 Bxe2+ 8. Kxe2 {[%emt 0:00:02] White has an edge.} e5 9. Nd3 f6 10. Be3 O-O-O 11. Nd2 {[%emt 0:00:11] [#]} (11. Bxa7 b6 $17) 11... h5 $146 ({Predecessor:} 11... b6 12. a4 Kb7 13. a5 b5 14. a6+ Ka8 15. Nb3 Nb6 16. Rhd1 Ne7 17. Ndc5 Rc8 {1-0 (25) Hovhannisyan,R (2642)-Piliposyan,R (2199) Chess.com INT 2020}) 12. a4 ({Of course not} 12. Bxa7 b6 $15) 12... a6 13. b4 {[%emt 0:00:19][%cal Ob4b5] White is more active.} Nh6 (13... f5 $14) 14. f3 Be7 15. Rhb1 (15. b5 $16) 15... Kc7 16. b5 Nf7 {[%emt 0:01:29] Black is now going downhill.} 17. c4 g5 18. a5 Ra8 19. Bb6+ Nxb6 $4 (19... Kc8 $14) 20. bxc6 $2 (20. axb6+ $18 {and the rest is easy.} Kd7 21. bxa6 Rxa6 22. Rxa6 bxa6 23. Nb3) 20... bxc6 $2 21. axb6+ $18 Kb7 (21... Kb8 $142 22. Nb3 Nd8) 22. c5 {[%emt 0:00:10] [#] And now Nc4 would win.} a5 $2 (22... Rhb8 23. Nc4 Kc8) 23. Ra4 Nd8 24. Nc4 Ne6 (24... Bf8 $142 25. Rd1 Kc8 26. Nxa5 Rg8 27. Nxe5 Bxc5) 25. Nxa5+ Rxa5 26. Rxa5 {[%emt 0:00:04] [#] Intending Ra7+ and mate.} Nd4+ 27. Kf1 {[%emt 0:00:31] Ra7+ would kill now.} Ra8 {[%emt 0:01:09] Inhibits Ra7+.} 28. Rxa8 Kxa8 29. b7+ (29. Ra1+ $142 Kb8 30. Ra7 Nc2 31. Rxe7 g4 32. Rf7 Kc8 33. fxg4 hxg4 34. Rxf6) 29... Kb8 30. Nb4 {[%emt 0:00:06] White threatens Na6+ and mate.} Kxb7 31. Nd5+ {[%emt 0:00:02] Weighted Error Value: White=0.58/Black=1.04} 1-0

[Event "Prague Festival-Futures 2022"]
[Site "Prague"]
[Date "2022.06.10"]
[Round "3.3"]
[White "Bouska, Jiri"]
[Black "Tolmacevs, Artjoms"]
[Result "1-0"]
[ECO "B92"]
[WhiteElo "2117"]
[BlackElo "2087"]
[Annotator "TA"]
[PlyCount "125"]
[EventDate "2022.06.07"]
[EventType "tourn"]
[EventCountry "CZE"]
[SourceTitle "playchess.com"]
[Source "ChessBase"]
[SourceQuality "1"]
[TimeControl "40/5400+30:1800+30"]

1. e4 c5 2. Nf3 d6 3. d4 cxd4 4. Nxd4 Nf6 5. Nc3 a6 6. Be2 e5 7. Nb3 Be7 8. Be3 O-O 9. g4 Be6 10. g5 Nfd7 11. h4 {[%emt 0:00:41] B92: Sicilian Najdorf: 6 Be2.} b5 12. Nd5 {[%emt 0:05:08] [#]} Nc5 $146 ({Predecessor:} 12... Bxd5 13. Qxd5 Nb6 14. Qb7 N8d7 15. Na5 Qc8 16. O-O-O Rb8 17. Qc6 Nc5 18. b3 Nbd7 {1-0 (45) Sedlak,N (2586)-Bida,M (2225) Arad 2013}) 13. Nxc5 {[%emt 0:01:55] White is better.} dxc5 14. Qd2 {[%emt 0:03:40] 0x0.00207e64f071dp-1022s more active pieces.} (14. a4 $16) 14... Nc6 $11 15. O-O-O Nd4 16. c3 Bxd5 17. exd5 Qxd5 18. Kb1 {[%emt 0:00:30] [#]} Qc6 $1 19. cxd4 cxd4 20. Bxd4 exd4 21. Bd3 f5 22. gxf6 Qxf6 ({Don't play} 22... Bxf6 23. Rc1 Qd5 24. Qc2 $15) 23. Qe2 {[%emt 0:01:13] And now Qe4 would win.} Rae8 ({Don't take} 23... g6 24. h5 g5 25. Qe4 $16) 24. Qe4 Qh6 25. Rde1 Bf6 (25... Qh5 $11 26. Qb7 Bf6) 26. Qd5+ $1 $14 Kh8 27. Rxe8 Rxe8 28. Qd7 Qh5 29. Rc1 Rd8 30. Qc6 a5 (30... Qxh4 $2 31. Rh1 Qg4 32. Bxh7 $18) 31. Qc5 Qf3 32. Qxb5 Qxf2 {[%emt 0:00:10] [#]} (32... Bxh4 $11 {remains equal.} 33. Rf1 g6) 33. h5 $1 $16 Qf3 34. h6 Qh3 35. hxg7+ Bxg7 36. a3 $40 {[%emt 0:01:15][%mdl 128] White wants a kill.} (36. a4 $142) 36... a4 (36... Rf8 $142) 37. Rc7 Qg3 $2 {[%emt 0:00:27][%mdl 8192] [#]} (37... Qf3 $16 38. Ka1 Rf8) 38. Qh5 $4 Qxd3+ $19 39. Ka1 Qg6 40. Qh3 d3 {[%emt 0:00:00] ( -> ...d2)} 41. Rc8 d2 $4 (41... Qf6 42. Rb8 Rxb8 43. Qh2 Re8 44. Qg2 Re1+ 45. Ka2 Qf7+ 46. Qd5 Qxd5+ 47. b3 axb3#) 42. Rxd8+ {[%emt 0:00:03] KQR-KQB. White stays focused until the end.} Bf8 43. Qc3+ {[%emt 0:00:14] White is clearly winning.} Kg8 44. Rxd2 h5 45. Qf3 Bg7 46. Qa8+ Kh7 47. Qxa4 Qg5 48. Qc2+ Kh8 49. Re2 Qb5 50. Qe4 Qa5 51. Ka2 Qc5 52. Rc2 Qf8 53. Qe6 Qf4 54. Qe8+ Kh7 55. Qxh5+ Bh6 56. Qc5 Bg7 57. Qc4 Qe5 58. Re2 Qf6 59. Rh2+ Kg6 60. a4 Qe5 61. Qc6+ Kf7 62. Rc2 Qd4 63. Qc4+ {[%emt 0:00:08] Weighted Error Value: White=0.50/Black=0.57} 1-0

[Event "Prague Festival-Futures 2022"]
[Site "Prague"]
[Date "2022.06.10"]
[Round "3.4"]
[White "Sowinski, Pawel"]
[Black "Warchol, Kamil"]
[Result "1/2-1/2"]
[ECO "B51"]
[WhiteElo "2060"]
[BlackElo "2079"]
[Annotator "TA"]
[PlyCount "60"]
[EventDate "2022.06.07"]
[EventType "tourn"]
[EventCountry "CZE"]
[SourceTitle "playchess.com"]
[Source "ChessBase"]
[SourceQuality "1"]
[TimeControl "40/5400+30:1800+30"]

1. e4 c5 2. Nf3 d6 3. Bb5+ Nd7 4. a4 Ngf6 5. Nc3 e6 6. a5 {[%emt 0:02:55] B51: Sicilian: Moscow Variation (3 Bb5+) without 3...Bd7.} a6 7. Be2 Qc7 8. O-O Be7 9. d4 cxd4 10. Nxd4 b5 11. axb6 $1 Nxb6 12. Be3 O-O 13. Nb3 {[%emt 0:03:48] [#]} Nfd7 $146 ({Predecessor:} 13... Bb7 14. Qd4 Nbd7 15. Na5 Rfd8 16. Nxb7 Qxb7 17. b3 Rdc8 18. Ra2 Qc6 19. Bd2 Nc5 {0-1 (39) Miron,L (2507)-Tissir,M (2379) Chess.com INT 2020}) 14. f4 Nc5 15. Nxc5 dxc5 16. Qe1 Bb7 17. Qf2 Nd7 18. b3 Kh8 19. h3 f5 20. Bd3 {[%emt 0:13:32] [#]} (20. exf5 $14 exf5 21. Rad1) 20... Bf6 (20... Ne5 $1 $11) 21. e5 $14 Be7 22. Bc4 Qc6 23. Qf3 Qb6 24. Qe2 {[%emt 0:02:26] White is more active.} (24. Qg3 $16) 24... Qc6 $11 25. Qf3 Qb6 26. Qf2 Qc6 27. Rad1 Rg8 28. Qf3 {[%emt 0:01:43] [#] Threatens to win with Qxc6.} Qb6 29. Qg3 Qc6 30. Qf3 {[%emt 0:02:44] Hoping for Qxc6.} Qb6 {[%emt 0:03:56] Weighted Error Value: White=0.18 (very precise) /Black=0.14 (very precise)} 1/2-1/2

[Event "Prague Festival-Futures 2022"]
[Site "Prague"]
[Date "2022.06.10"]
[Round "3.5"]
[White "Bokhnak, Timofey"]
[Black "Zelbova, Lada"]
[Result "1-0"]
[ECO "B22"]
[WhiteElo "2060"]
[BlackElo "1967"]
[Annotator "TA"]
[PlyCount "65"]
[EventDate "2022.06.07"]
[EventType "tourn"]
[EventCountry "CZE"]
[SourceTitle "playchess.com"]
[Source "ChessBase"]
[SourceQuality "1"]
[TimeControl "40/5400+30:1800+30"]

1. e4 c5 2. c3 Nf6 3. e5 Nd5 4. Bc4 Nb6 5. Bb3 Nc6 6. Nf3 d5 7. exd6 Qxd6 8. Na3 {[%emt 0:06:36] B22: Sicilian: 2 c3.} Be6 9. O-O c4 (9... Bxb3 $11 {is superior.} 10. axb3 Qd3) 10. Bc2 $14 {[%emt 0:00:05] [#] White is slightly better.} O-O-O $146 ({Predecessor:} 10... g6 11. b3 Bg7 12. Qe2 Ne5 13. Nd4 Bd5 14. Be4 a6 15. f4 Nd3 16. Bxd3 Bxd4+ 17. cxd4 cxd3 18. Qxd3 {0-1 (63) Stevanic,D (2337)-Petriashvili,N (2425) Tornelo INT 2020}) 11. b3 Bd5 12. Re1 Qf6 (12... cxb3 $142 13. axb3 Qf6) 13. bxc4 (13. Nxc4 $16 {Black must now prevent Nfe5.} Bxf3 14. Qxf3) 13... Nxc4 $2 (13... Bxf3 $14 14. Qxf3 Qxf3 15. gxf3 e5) 14. Nxc4 $18 Bxc4 15. d4 $1 h6 (15... Bd5 {keeps fighting.} 16. Rb1 Qd6) 16. Be4 {[%emt 0:01:30] Strongly threatening Rb1.} Bd5 17. Bxd5 Rxd5 18. Qb3 Rd7 (18... e6 19. Rb1 Qe7) 19. Bb2 ({Not} 19. Ne5 Nxe5 20. dxe5 (20. Rxe5 e6 $16) 20... Qe6 $16) 19... e6 20. c4 Qf5 21. Red1 Bd6 (21... Na5 {is a better defense.} 22. Qa4 Nc6) 22. d5 Ne5 {[%emt 0:03:26] [#]} 23. Bxe5 (23. Nd4 $1 $18 Qf4 24. g3) 23... Bxe5 $16 24. Rab1 {[%emt 0:00:02] Hoping for c5.} Bd6 {[%emt 0:04:59] [#]} 25. Qb5 (25. Qa4 $1 $18 a6 26. dxe6 Qxe6 27. Rb6) 25... Rc7 $14 26. c5 $36 {[%emt 0:01:11][%mdl 2048] White is more active.} Bxc5 27. d6 Bxd6 28. Qxf5 $18 Bxh2+ 29. Kxh2 {[%emt 0:00:09] White wants to mate with Qe5.} exf5 30. Nd4 {[%emt 0:01:31] Threatens to win with Nb5. White is more active.} g6 $2 (30... Rd8 $16 {was called for.} 31. Nxf5 f6) 31. Nb5 $1 Re7 (31... Rd7 32. Nxa7+ Kd8 33. Rxd7+ Kxd7 34. Rxb7+ Kd6 35. Rxf7 Ra8) 32. Nxa7+ Kc7 33. Rdc1+ {[%emt 0:00:38] Weighted Error Value: White=0.40/Black=0.52} 1-0

[Event "Prague Festival-Futures 2022"]
[Site "Prague"]
[Date "2022.06.11"]
[Round "4.1"]
[White "Peglau, Charis"]
[Black "Bokhnak, Timofey"]
[Result "1/2-1/2"]
[ECO "D40"]
[WhiteElo "2008"]
[BlackElo "2060"]
[Annotator "TA"]
[PlyCount "80"]
[EventDate "2022.06.07"]
[EventType "tourn"]
[EventCountry "CZE"]
[SourceTitle "playchess.com"]
[Source "ChessBase"]
[SourceQuality "1"]
[TimeControl "40/5400+30:1800+30"]

1. Nf3 d5 2. d4 Nf6 3. Bf4 e6 4. e3 c5 5. c4 Nc6 6. Nc3 cxd4 7. exd4 a6 8. Rc1 Be7 9. Be2 dxc4 10. O-O O-O 11. Bxc4 Nb4 {[%emt 0:09:59] D40: Queen's Gambit Declined: Semi-Tarrasch with 5 e3.} (11... b5 $5 12. Bb3 Na5 $11) 12. Re1 b5 13. Bb3 Bb7 {[%emt 0:02:28] [#]} 14. Be5 $146 ({Predecessor:} 14. Ne5 Rc8 15. a3 Nbd5 16. Nxd5 Bxd5 17. Rxc8 Qxc8 18. Bxd5 Nxd5 19. Qd2 Nxf4 20. Qxf4 {1-0 (44) Sihite,C (2252)-Tarini,G (2164) Chess.com INT 2020}) 14... Nbd5 (14... Rc8 {is more complex.} 15. Ng5 Nfd5 16. Nge4 Nxc3 17. bxc3 Nc6) 15. Nxd5 Bxd5 16. Bxd5 Qxd5 17. a3 Rac8 18. Qd3 Nd7 19. Qe2 Nb6 20. Red1 Nc4 21. h3 Rc6 22. Bf4 f6 (22... Rd8 $15) 23. Re1 (23. Ne1 $11) 23... Rfc8 $15 24. Rcd1 Kf7 25. h4 a5 26. Rd3 g6 ({Black should try} 26... a4 $17) 27. h5 ({Better is} 27. g4 $11) 27... a4 $2 (27... Qxh5 $2 28. d5 Ra6 29. d6 $18) (27... g5 $15 {keeps the upper hand.} 28. Bg3 b4) 28. hxg6+ $16 hxg6 {[%emt 0:00:04] [#]} 29. Nh2 $2 (29. Ne5+ $1 $16 {is forced if you want to stay better.} Nxe5 30. dxe5) 29... Rh8 $17 30. Ng4 Rh4 (30... Qh5 $2 31. Rh3 Nb6 32. Rxh5 $18) 31. Bg3 Rh5 32. Rf3 Kg7 33. Rf4 Rh8 {[%emt 0:03:18] aiming for ...Qh5.} 34. Ne3 Nxe3 35. Qxe3 Bd6 ({But not} 35... Qh5 36. Rh4 Qf5 37. Rxh8 Kxh8 38. d5 $16) (35... Bd8 $17 36. Re4 (36. Rh4 $2 Rxh4 37. Bxh4 Bb6 $19) 36... Kf7) 36. Re4 (36. Rg4 $1 $15) 36... Bxg3 ({Don't play} 36... Qh5 37. Rh4 Qg5 38. Qxg5 (38. Qxe6 Rxh4 39. Qd7+ Kh6 $16) 38... fxg5 39. Rxh8 Kxh8 40. Rxe6 Rc1+ 41. Kh2 $16) 37. fxg3 Kf7 (37... Rhc8 $17 {And now ...Rc2 would win.} 38. Rxe6 Rxe6 39. Qxe6 Qxe6 40. Rxe6 Rc2) 38. Re2 {[%emt 0:00:36] Inhibits Rc2.} (38. Qf2 $11) 38... Rd6 ({Black should play} 38... Rhc8 $15 39. Qh6 Qh5) 39. Rc2 $11 Rd7 40. Rc5 Qa2 {[%emt 0:00:00] Weighted Error Value: White=0.26 (precise) /Black=0.35} 1/2-1/2

[Event "Prague Festival-Futures 2022"]
[Site "Prague"]
[Date "2022.06.11"]
[Round "4.2"]
[White "Tolmacevs, Artjoms"]
[Black "Warchol, Kamil"]
[Result "0-1"]
[ECO "C45"]
[WhiteElo "2087"]
[BlackElo "2079"]
[Annotator "TA"]
[PlyCount "56"]
[EventDate "2022.06.07"]
[EventType "tourn"]
[EventCountry "CZE"]
[SourceTitle "playchess.com"]
[Source "ChessBase"]
[SourceQuality "1"]
[TimeControl "40/5400+30:1800+30"]

1. e4 e5 2. Nf3 Nc6 3. d4 exd4 4. Nxd4 Bc5 5. Nb3 Bb6 6. Nc3 Nf6 7. Qe2 {[%emt 0:04:43] C45: Scotch Game.} a5 8. a4 {[%emt 0:01:24] next e5 is good for White.} O-O 9. Be3 {[%emt 0:04:22] The position is equal.} Bxe3 10. Qxe3 d5 {[%emt 0:00:21] [#] aiming for ...d4.} 11. O-O-O $1 Nb4 $1 12. f3 {[%emt 0:23:55] [#]} Qe7 $146 ({Predecessor:} 12... c6 13. g4 Re8 14. Qf2 Qe7 15. exd5 Nfxd5 16. Nxd5 Nxd5 17. Bc4 Qe3+ 18. Qxe3 Nxe3 19. Rhe1 Kf8 20. Rd4 Nxc4 21. Rxe8+ Kxe8 22. Rxc4 Be6 {½-½ (22) Vusatiuk,V (2307)-Roenko,A (2167) Vinnytsia 2022}) 13. e5 Re8 14. f4 $1 Bf5 15. Rd2 c6 16. h3 h6 17. g4 Bh7 18. Bg2 Nd7 $36 {[%emt 0:02:00][%cal Bf6d7,Bd7b6,Bb6c4,Bc4e3][%mdl 2080] Black is pushing.} 19. Qf2 $2 ({White should try} 19. Re1 $15) 19... f6 $2 ({Better is} 19... Bxc2 $1 $19 20. Nd4 Nd3+ 21. Rxd3 Bxd3) 20. exf6 $11 Qxf6 {[%emt 0:02:52] Hoping for ...Bxc2.} 21. Qg3 $2 ({White should play} 21. Kb1 $11) 21... Nb6 $17 {[%emt 0:01:33] Strongly threatening ...Nc4. Black is more active.} 22. f5 $2 (22. g5 hxg5 23. fxg5) 22... Nc4 $19 {[%emt 0:00:49] ...Re3 is the strong threat.} 23. Rf2 $2 (23. Kb1 Nxd2+ 24. Nxd2) 23... Re3 24. Rf3 {[%emt 0:00:09] [#]} Na2+ $1 25. Nxa2 Qxb2+ 26. Kd1 Rae8 27. Rxe3 Nxe3+ 28. Ke2 Nxf5+ {[%emt 0:00:27] Weighted Error Value: White=1.06/Black=0.28 (precise)} 0-1